Map: Neon Violet Square LE

Players

SpeCial - Winner!

  • Race: Terran Terran
  • Spawn Location: 11:00

Bunny

  • Race: Terran Terran
  • Spawn Location: 5:00

Event: IEM Season 12 - Katowice

VOD

Have the link to the VOD?

Description

Time

  • Played on: Feb. 27, 2018, 10:20 a.m.
  • Length: 6:33

All games in this series

Show
View Real Time Build Order
Export as new Build Order

SpeCial Terran - Winner!

Build Orders: Liberator Opening 

Get SALT Encoding   

  12  0:00  SCV  
  13  0:12  SCV  
  14  0:17  Supply Depot  
  14  0:24  SCV  
  15  0:29  Refinery  
  15  0:39  SCV  
  16  0:46  Barracks  
  16  0:51  SCV  
  17  1:03  SCV  
  18  1:15  SCV  
  20  1:32  Reaper  
  20  1:42  Orbital Command  
  20  1:48  Command Center  
  20  1:59  Factory  
  20  2:06  Barracks Reactor  
  20  2:09  SCV  
  21  2:17  Supply Depot  
  21  2:21  SCV  
  22  2:28  Refinery  
  22  2:33  SCV  
  23  2:45  Starport  
  23  2:46  SCV  
  23  2:49  Hellion  
  26  2:53  Hellion  
  26  2:58  SCV  
  29  3:10  SCV  
  29  3:11  Orbital Command, Liberator  
  30  3:17  Hellion  
  32  3:21  Hellion  
  34  3:32  SCV  
  38  3:38  SCV  
  36  3:44  SCV, Hellion  
  36  3:46  Hellion  
  41  3:49  Supply Depot  
  41  3:53  SCV  
  42  3:56  SCV  
  41  4:05  SCV  
  41  4:08  Cyclone x2  
  46  4:11  SCV  
  45  4:17  SCV  
  46  4:30  SCV x2  
  48  4:31  Command Center  
  48  4:35  Engineering Bay  
  48  4:38  Supply Depot  
  48  4:42  SCV x2  
  50  4:48  Cyclone  
  53  4:56  SCV  
  53  4:59  Cyclone  
  56  5:00  SCV  
  55  5:08  SCV  
  55  5:13  SCV  
  52  5:21  SCV  
  52  5:25  SCV  
  54  5:35  Cyclone x2  
  56  5:38  SCV  
  57  5:43  SCV  
  57  5:47  Orbital Command  
  58  5:50  SCV  
  58  5:55  SCV  
  60  6:00  Barracks Tech Lab  
  60  6:02  SCV  
  60  6:03  Factory  
  61  6:05  Refinery  
  61  6:07  SCV  
  61  6:08  Refinery  
  59  6:12  SCV  
  59  6:14  SCV  
  58  6:19  SCV  
  58  6:25  Starport Reactor  
Show
View Real Time Build Order
Export as new Build Order

Bunny Terran 

Build Orders: Gas First Reaper Expand, Liberator Opening, Reaper Expand 

Get SALT Encoding   

  12  0:00  SCV  
  13  0:12  SCV  
  14  0:17  Supply Depot  
  14  0:24  SCV  
  15  0:29  Refinery  
  15  0:39  SCV  
  16  0:45  Barracks  
  16  0:51  SCV  
  17  1:03  SCV  
  18  1:15  SCV  
  19  1:32  Reaper, Orbital Command  
  20  1:47  Command Center  
  20  1:58  SCV  
  21  2:06  Factory  
  21  2:07  Barracks Reactor  
  21  2:10  SCV  
  21  2:15  Supply Depot  
  22  2:21  Refinery  
  23  2:22  SCV  
  23  2:36  SCV  
  24  2:49  SCV  
  24  2:50  Starport  
  25  2:56  Hellion x2  
  29  3:01  SCV  
  30  3:06  Orbital Command  
  30  3:13  SCV  
  30  3:18  Hellion x2  
  35  3:25  SCV  
  35  3:26  Medivac  
  38  3:30  Supply Depot  
  38  3:36  SCV  
  38  3:37  SCV  
  38  3:38  Liberator  
  38  3:41  Cyclone  
  44  3:52  SCV  
  42  3:56  SCV  
  42  3:57  Supply Depot  
  46  4:06  SCV  
  46  4:08  SCV  
  46  4:14  Cyclone  
  49  4:23  SCV x2  
  51  4:31  Command Center  
  50  4:35  Cyclone  
  50  4:45  SCV  
  50  4:46  SCV  
  50  4:47  Engineering Bay  
  52  4:54  Viking  
  52  4:59  SCV x2  
  53  5:02  Hellion  
  52  5:07  Hellion  
  51  5:28  SCV x2  
  53  5:40  SCV x2  
  55  5:45  Refinery  
  55  5:46  Refinery  
  55  5:52  SCV x2  
  55  5:56  Cyclone  
  60  6:04  Supply Depot, SCV  

Tags
 
Add a new tag
Caveats
  • Supply blocks, unpowered buildings, or Contaminate may cause inaccurate times.
  • Supply counts are checked every 10 seconds.